 Dungeon Crawl Stone Soup version 0.29.1-1-gd02db6906a (webtiles) character file.

Game seed: 5792308628043339418

23 drewk1942 the Conjurer (level 2, -8/20 HPs)
             Began as a Draconian Conjurer on Oct 6, 2022.
             Killed by divine providence
             ... invoked by an orc priest
              (12 damage)
             ... on level 4 of the Dungeon.
             The game lasted 00:02:50 (1274 turns).

drewk1942 the Conjurer (Draconian Conjurer)         Turns: 1274, Time: 00:02:50

Health: -8/20      AC:  4    Str: 13 (15) XL:     2   Next: 72%
Magic:  1/5        EV: 11    Int: 17 (18) God:
Gold:   58         SH:  0    Dex:  7 (9)  Spells: 4/5 levels left

rFire   . . .      SeeInvis .   g - staff of poison
rCold   . . .      Faith    .   (no shield)
rNeg    . . .      Spirit   .   (body armour unavailable)
rPois   +          Reflect  .   (helmet restricted)
rElec   .          Harm     .   (no cloak)
rCorr   .          Rampage  .   (no gloves)
Will    .....                   (no boots)
Stlth   +.........              (no amulet)
HPRegen 0.06/turn               j - +6 ring of strength
MPRegen 0.09/turn               (no ring)

@: hasted, very quick
A: AC +4, unfitting armour, cold-blooded
a: no special abilities


You were on level 4 of the Dungeon.
You visited 1 branch of the dungeon, and saw 3 of its levels.

You collected 58 gold pieces.

Inventory:

Hand Weapons
 c - a +2 dagger of pain
 l - a +0 short sword of venom
Armour
 m - the +0 robe of the Moon {+Blink}
   (You found it on level 4 of the Dungeon)

   +Blink:    It lets you blink.
Magical Staves
 g - a staff of poison (weapon)
Jewellery
 j - a +6 ring of strength (left hand)
Scrolls
 b - a scroll of identify {unknown}
 e - a scroll of immolation {unknown}
 h - a scroll of amnesia {unknown}
 i - a scroll of fog {unknown}
 k - a scroll of magic mapping {unknown}
Potions
 a - a potion of magic


   Skills:
 - Level 1.7 Dodging
 - Level 1.7 Stealth
 + Level 2.3 Spellcasting
 * Level 4.5 Conjurations
 + Level 0.1 Poison Magic
 + Level 0.1 Evocations


You had 4 spell levels left.
You knew the following spells:

 Your Spells              Type           Power      Damage    Failure   Level
a - Magic Dart            Conj           68%        1d6       2%          1

Your spell library contained the following spells:

 Spells                   Type           Power      Damage    Failure   Level
 Searing Ray              Conj           34%        2d5       4%          2
 Dazzling Flash           Conj/Hex       18%        N/A       22%         3
 Fulminant Prism          Conj/Hex       4%         3d6       58%         4
 Iskenderun's Mystic Bla  Conj/Tloc      9%         2d4       58%         4


Dungeon Overview and Level Annotations

Branches:
Dungeon (2/15)

Altars:

Shops:
D:4 (


Innate Abilities, Weirdness & Mutations

Your plain brown scales are hard. (AC +4)
You cannot fit into any form of body armour.
You are cold-blooded and may be slowed by cold attacks.


Message History

Found Konewnao's Antique Weapon Boutique.
There is a fountain of clear blue water here.
There is an entrance to Konewnao's Antique Weapon Boutique here.
There is a fountain of clear blue water here.
An orc comes into view. It is wielding a +0 mace.
Found a wizard robe.
An orc is nearby!
The orc shouts!
You hear a shout!
An orc comes into view. It is wielding a +0 flail.
You see here the +0 robe of the Moon {+Blink}.
m - the +0 robe of the Moon {+Blink} An orc priest comes into view.
It is wielding a +0 flail.
The magic dart hits the orc.
The orc is lightly wounded.
The orc priest shouts!
The orc hits you with a +0 mace.
The magic dart hits the orc.
The orc is heavily wounded.
The orc hits you but does no damage. The orc attacks as you move away!
The orc barely misses you.
The magic dart hits the orc.
You kill the orc!
The magic dart hits the orc but does no damage.
The orc hits you with a +0 flail!
You are too injured to fight recklessly!
You hit the orc but do no damage. The orc hits you but does no damage.
You hit the orc but do no damage.
Your tail-slap misses the orc.
The orc hits you with a +0 flail.
* * * LOW HITPOINT WARNING * * *
It was a potion of degeneration.
There was something very wrong with that liquid.
You feel weakened.
You feel dopey.
You feel clumsy.
The orc priest looks encouraged for a moment.
The orc barely misses you.
It was a potion of haste.
You feel yourself speed up. The orc hits you but does no damage.
The orc priest invokes the aid of Beogh against you.
Beogh smites you!
Ouch! That really hurt!
You die...

# .## ...#
.....
#####......
#..oo......
#@##.......
#.# .......
#.# #......
#.# #.....
#####.#
#....
#.....#
###.
#.##### ###
#.# #.. #.#
#.#


You could see an orc priest and an orc.

Vanquished Creatures
  An orc (D:4)
  An endoplasm (D:1)
  2 giant cockroaches
  A goblin (D:1)
  5 hobgoblins
  3 kobolds
  A quokka (D:1)
  2 ball pythons
  A bat (D:1)
  3 rats
20 creatures vanquished.

Notes
Turn   | Place    | Note
-------+----------+-------------------------------------------
     0 | D:1      | drewk1942 the Draconian Conjurer began the quest for the
                  | Orb.
     0 | D:1      | Reached XP level 1. HP: 14/14 MP: 3/3
   480 | D:1      | Reached XP level 2. HP: 20/20 MP: 1/5
  1218 | D:2      | You fall into a shaft and drop 2 floors!
  1232 | D:4      | Found Konewnao's Antique Weapon Boutique.
  1263 | D:4      | Identified the +0 robe of the Moon {+Blink}
  1274 | D:4      | Killed from afar by an orc priest

Illustrated notes

Levels and vault maps discovered:
D:1:      dpeg_arrival_arbitrary_c, layout_basic
D:2:      layout_rooms, shapermc_ecumenical_altar_starsandcircs,
          grunt_ministairs_13
D:4:      layout_loops_ring, serial_shops, nicolae_shop_advertising_works
          [nicolae_subvault_shop_adworks], shop_fountains, nicolae_shop_crystal,
          roderic_batcave

Action                   || total
-------------------------++-------
Melee: Dagger            ||     5
       Unarmed           ||     2
       Staff             ||    12
       Tailslap          ||     1
 Cast: Magic Dart        ||    40
  Use: Potion            ||     2
 Stab: Sleeping          ||     1
Armor: Skin              ||    10
Dodge: Dodged            ||    13
